 Dungeon Crawl Stone Soup version 0.29.1-1-gd02db6906a (webtiles) character file.

Game seed: 3225570172220511693

55 styxcanada the Sneak (level 3, -3/18 HPs)
             Began as a Spriggan Brigand on Oct 18, 2022.
             Splashed by a jelly's acid (7 damage)
             ... on level 1 of the Dungeon.
             The game lasted 00:04:13 (926 turns).

styxcanada the Sneak (Spriggan Brigand)              Turns: 926, Time: 00:04:15

Health: -3/18      AC: -5    Str:  7    XL:     3   Next: 67%
Magic:  4/4        EV: 17    Int: 12    God:
Gold:   97         SH:  0    Dex: 18    Spells: 2/2 levels left

rFire   . . .      SeeInvis +   a - +2 dagger
rCold   . . .      Faith    .   (no shield)
rNeg    . . .      Spirit   .   b - +0 robe
rPois   .          Reflect  .   (helmet restricted)
rElec   .          Harm     .   c - +0 cloak
rCorr   .          Rampage  .   (gloves unavailable)
Will    .....                   (boots unavailable)
Stlth   ++++......              (no amulet)
HPRegen 0.06/turn               (no ring)
MPRegen 0.09/turn               (no ring)

@: corroded, very quick
A: very small, no large weapons, unfitting armour, see invisible, speed 3
a: no special abilities


You were on level 1 of the Dungeon.
You visited 1 branch of the dungeon, and saw 1 of its levels.

You collected 97 gold pieces.

Inventory:

Hand Weapons
 a - a +2 dagger (weapon)
Missiles
 d - 14 poisoned darts (quivered)
 e - 3 curare-tipped darts
 h - 12 stones
Armour
 b - a +0 robe (worn)
 c - a +0 cloak (worn)
Scrolls
 g - 2 scrolls of poison {unknown}
Potions
 f - a potion of heal wounds {unknown}
 i - a potion of lignification {unknown}


   Skills:
 * Level 1.7 Fighting
 + Level 2.2 Short Blades
 + Level 2.1 Throwing
 * Level 1.7 Dodging
 * Level 7.8 Stealth


You had 2 spell levels left.
You didn't know any spells.
Your spell library was empty.

Dungeon Overview and Level Annotations

Branches:
Dungeon (1/15)

Altars:


Innate Abilities, Weirdness & Mutations

You are very small and have problems with some larger weapons.
You are too small for most types of armour.
You have supernaturally acute eyesight. (SInv)
You cover ground extremely quickly. (Speed+++)


Message History

d - 11 poisoned darts (gained 1)
There is a fountain of clear blue water here.
There is an open door here.
You see here a giant cockroach corpse.
You see here a poisoned dart.
d - 12 poisoned darts (gained 1)
You see here a poisoned dart.
d - 13 poisoned darts (gained 1)
The jelly hits you but does no damage.
You see here a rat corpse.
There is an open door here.
There is a fountain of clear blue water here.
You see here a giant cockroach corpse.
There is an open translucent door here.
You see here a poisoned dart.
The jelly jiggles.
You see here 8 gold pieces.
You now have 97 gold pieces (gained 8).
There is an open translucent door here.
You see here a poisoned dart.
d - 14 poisoned darts (gained 1)
There is a fountain of clear blue water here.
There is an open door here.
You start resting.
A jelly is nearby!
You hit the jelly. The acid corrodes you!
Your hands burn!
The jelly is lightly wounded.
You hit the jelly.
Your hands burn!
The jelly is moderately wounded.
The jelly completely misses you.
You hit the jelly but do no damage.
Your hands burn!
The jelly is moderately wounded.
The jelly misses you.
You hit the jelly.
Your hands burn!
* * * LOW HITPOINT WARNING * * *
The jelly is moderately wounded.
The jelly hits you.
* * * LOW HITPOINT WARNING * * *
The acid corrodes you!
You are splashed with acid!
You die...

.......†.........##............#.
.###'#######†###.............#...
.#..⌠...>...⌠..#.##..###.........
.#......<......#.##..# ####.#####
.+⌠....###....⌠'.##..# ##.##
.#.....†.......#.##..# ##...##
.#######'#######.##..# ##.#.#.##
.#.............#J##..# #.##..÷.#
.#.............#@##..# ##.###.##
.#.............#.##..# ##.#..#
.###############.....# ##.#.#
.....................# ###.#
.....#####.###....#.## #.# ..#..#
#.# #.###.## #.# .##..# #.# #.#
#.# #.# ###..# #.# #.# #.# ###
#.# # #..# #.###.###.#####.## #.#


You could see a jelly.

Vanquished Creatures
  A gnoll (D:1)
  A worm (D:1)
  A dart slug (D:1)
  A ball python (D:1)
  2 bats (D:1)
  6 endoplasms (D:1)
  7 giant cockroaches (D:1)
  A goblin (D:1)
  A hobgoblin (D:1)
  3 jackals (D:1)
  A quokka (D:1)
  A frilled lizard (D:1)
  A kobold (D:1)
  9 rats (D:1)
36 creatures vanquished.

Notes
Turn   | Place    | Note
-------+----------+-------------------------------------------
     0 | D:1      | styxcanada the Spriggan Brigand began the quest for the
                  | Orb.
     0 | D:1      | Reached XP level 1. HP: 10/10 MP: 2/2
     0 | D:1      | Noticed a jelly
     1 | D:1      | Found a runed translucent door.
    86 | D:1      | Reached skill level 6 in Stealth
   145 | D:1      | Reached XP level 2. HP: 14/14 MP: 3/3
   315 | D:1      | Reached skill level 7 in Stealth
   323 | D:1      | Reached XP level 3. HP: 18/18 MP: 4/4
   926 | D:1      | Splashed by a jelly's acid

Illustrated notes

Levels and vault maps discovered:
D:1:      dpeg_arrival_caged_fury, layout_loops_ring

Skill      XL: |  1  2 |
---------------+-------+-----
Stealth        | 6 7 |  7.8
Fighting       | |  1.7
Short Blades   | |  2.2
Throwing       | |  2.1
Dodging        | |  1.7

Action                   || total
-------------------------++-------
Melee: Dagger            ||    76
Throw: Dart              ||    15
 Stab: Sleeping          ||    13
Armor: Robe              ||    15
Dodge: Dodged            ||    41
